 Dungeon Sprint DCSS version 0.18-a0-19-g8b99b3a (webtiles) character file.

1030 kosy22 the Nimble (level 8, -11/88 HPs)
             Began as a Troll Fighter on Nov 1, 2015.
             Mangled by a two-headed ogre
             ... wielding a +0 giant club
              (23 damage)
             ... in the Dungeon (Sprint III: "The Ten Rune Challenge").
             The game lasted 00:03:50 (701 turns).

kosy22 the Nimble (Troll Fighter)                    Turns: 701, Time: 00:03:50

Health: -11/88     AC:  5    Str: 27    XL:     8   Next: 3%
Magic:  7/7        EV: 12    Int:  4    God:
Gold:   32         SH: 11    Dex:  9    Spells: 0 memorised, 7 levels left

rFire  . . .     SeeInvis .       - Unarmed
rCold  . . .     Clarity  .     a - +0 robe
rNeg   . . .     SustAt   .     b - +0 shield
rPois  .         Gourm    +     (helmet restricted)
rElec  .         Spirit   .     (no cloak)
rCorr  .         Warding  .     (gloves unavailable)
rMut   .         NoTele   +     (boots unavailable)
MR     .....                    (no amulet)
Stlth  +.........               (no ring)
                                (no ring)

@: not resistant to hostile enchantments, very unstealthy
A: unfitting armour, claws 3, fast metabolism 3, gourmand, regeneration 2,
shaggy fur 1, tough skin 2
a: no special abilities


You were in the Dungeon.
You were not hungry.

You visited 1 branch You collected 32 gold pieces.

Inventory:

Armour
 a - a +0 robe (worn)
 b - a +0 shield (worn)
Wands
 t - a wand of frost (15)
Scrolls
 j - a scroll of blinking
 k - a scroll of amnesia {unknown}
 m - a scroll of torment {unknown}
 n - a scroll of identify {unknown}
 o - 4 scrolls of remove curse
 r - a scroll of immolation {unknown}
Potions
 c - a potion of might
 g - 2 potions of haste
 h - 2 potions of magic
 l - 3 potions of mutation {unknown}
 p - 3 potions of cure mutation
 q - 2 potions of flight
Books
 e - a book of Geomancy

   Spells                             Type                      Level
   a - Sandblast                      Earth                        1
   b - Stoneskin                      Transmutation/Earth          2
   c - Passwall                       Transmutation/Earth          3
   d - Stone Arrow                    Conjuration/Earth            3
   e - Petrify                        Transmutation/Earth          4
   f - Lee's Rapid Deconstruction     Earth                        5
 f - a book of Battle

   Spells                             Type                      Level
   a - Infusion                       Charms                       1
   b - Shroud of Golubria             Charms/Translocation         2
   c - Song of Slaying                Charms                       2
   d - Spectral Weapon                Hexes/Charms                 3
   e - Regeneration                   Charms/Necromancy            3
Comestibles
 d - 2 bread rations
 s - 2 royal jellies


   Skills:
 + Level 8.1 Fighting
 + Level 9.1 Dodging
 + Level 7.8 Shields
 + Level 6.9 Unarmed Combat


You had 7 spell levels left.
You didn't know any spells.

Dungeon Overview and Level Annotations

Branches:
Dungeon (1/1)

Altars:
Cheibriados
Elyvilon
Fedhas
Kikubaaqudgha
Okawaru
Sif Muna
Trog
Vehumet
Yredelemnul
Zin
The Shining One


Innate Abilities, Weirdness & Mutations

You are too large for most types of armour.
You have claws for hands.
Your metabolism is lightning-fast.
You like to eat raw meat.
You heal very quickly.
You are covered in fur (AC +1).
You have very tough skin (AC +2).


Message History

The two-headed ogre misses you.
The two-headed ogre hits you with a giant club!!
The two-headed ogre hits you with a giant club!
The two-headed ogre misses you.
You scratch the two-headed ogre.
The two-headed ogre is heavily wounded.
The two-headed ogre closely misses you. You block the two-headed ogre's attack.
You mangle the two-headed ogre!!
The two-headed ogre is almost dead.
The two-headed ogre hits you with a giant club!
* * * LOW HITPOINT WARNING * * *
The two-headed ogre closely misses you.
You mangle the two-headed ogre!!
You kill the two-headed ogre!
Your Dodging skill increases to level 9!
You have reached level 8!
The two-headed ogre hits you with a giant club!
* * * LOW HITPOINT WARNING * * *
The two-headed ogre hits you with a giant club!!
You die...

♣.#)..#†..#._#
♣.###'#'###)##
..#..........#
♣.'.⌠........#
♣.#...######'#
..#.⌠.#
#...#+# ## #
..#...#
#...#.. .#.#
..#'###
#...##.#O.#
..#.).#
#...'##@#
..#___#
+...#..)#
▓▓▓▓▓▓▓
▓▓▓▓▓▓▓▓▓


You could see a two-headed ogre.

Vanquished Creatures
  A deep elf priest (D)
  A shadow (D)
  A necrophage (D)
  A two-headed ogre (D)
  A water elemental (D)
  A scorpion (D)
  A wizard (D)
  A jelly (D)
  A necromancer (D)
  A kobold demonologist (D)
  3 humans (D)
  An ooze (D)
  3 rats (D)
17 creatures vanquished.

Vanquished Creatures (others)
  2 draconian scorchers (D)
  A yaktaur (D)
3 creatures vanquished.

Grand Total: 20 creatures vanquished

Notes
Turn   | Place    | Note
--------------------------------------------------------------
     0 | D        | kosy22 the Troll Fighter began the quest for the Orb.
     0 | D        | Reached XP level 1. HP: 22/22 MP: 0/0
    18 | D        | Reached skill level 3 in Dodging
    53 | D        | Reached XP level 2. HP: 4/31 MP: 1/1
   110 | D        | Noticed a scorpion
   124 | D        | Killed a scorpion
   124 | D        | Reached skill level 4 in Fighting
   124 | D        | Reached XP level 3. HP: 23/39 MP: 2/2
   124 | D        | Reached XP level 4. HP: 28/48 MP: 3/3
   190 | D        | Killed a white draconian scorcher
   217 | D        | Killed a yaktaur
   220 | D        | Reached skill level 5 in Fighting
   220 | D        | Reached skill level 5 in Dodging
   233 | D        | Killed a white draconian scorcher
   300 | D        | Found a glowing silver altar of Zin.
   300 | D        | Found a glowing golden altar of the Shining One.
   300 | D        | Found a white marble altar of Elyvilon.
   301 | D        | Noticed a deep elf priest
   318 | D        | Killed a deep elf priest
   318 | D        | Reached skill level 6 in Fighting
   318 | D        | Reached skill level 5 in Unarmed Combat
   318 | D        | Reached XP level 5. HP: 14/61 MP: 4/4
   318 | D        | Reached XP level 6. HP: 15/68 MP: 5/5
   386 | D        | Found an iron altar of Okawaru.
   386 | D        | Found a bloodstained altar of Trog.
   386 | D        | Noticed a human
   387 | D        | Noticed a human
   395 | D        | Killed a human
   395 | D        | Reached skill level 7 in Fighting
   407 | D        | HP: 3/71 [human/mace (16)]
   416 | D        | HP: 3/71 [human/mace (2)]
   493 | D        | Killed a human
   493 | D        | Reached skill level 8 in Dodging
   493 | D        | Reached XP level 7. HP: 64/78 MP: 6/6
   535 | D        | Found a radiant altar of Vehumet.
   535 | D        | Found a deep blue altar of Sif Muna.
   535 | D        | Found an ancient bone altar of Kikubaaqudgha.
   540 | D        | Noticed a hellwing
   561 | D        | Found a basalt altar of Yredelemnul.
   561 | D        | Found a snail-covered altar of Cheibriados.
   561 | D        | Found a blossoming altar of Fedhas.
   582 | D        | Noticed a shadow
   593 | D        | Killed a shadow
   701 | D        | Reached skill level 9 in Dodging
   701 | D        | Reached XP level 8. HP: 23/88 MP: 7/7
   701 | D        | Mangled by a two-headed ogre

Vault maps used:
D:        dungeon_sprint_mu

Action                   |  1- 3 |  4- 6 |  7- 9 || total
-------------------------+-------+-------+-------++-------
Melee: Unarmed           |    30 |    38 |    30 ||    98
  Use: Potion            |       |     3 |     1 ||     4
  Eat: Bread ration      |       |     1 |       ||     1
